 Dungeon Crawl Stone Soup version 0.27-a0-277-g024f7ef292 (webtiles) character file.

Game seed: 16203753400760488377

108 runemasterragnar the Sneak (level 4, -9/31 HPs)
             Began as an Octopode Delver on Feb 6, 2021.
             Was a Follower of Dithmenos.
             Mangled by a sickly merfolk siren
             ... wielding a +0 trident
              (15 damage)
             ... in a sewer.
             The game lasted 00:03:02 (473 turns).

runemasterragnar the Sneak (Octopode Delver)         Turns: 473, Time: 00:03:03

Health: -9/31      AC:  3    Str: 11    XL:     4   Next: 87%
Magic:  5/5        EV: 14    Int: 12    God:    Dithmenos [*.....]
Gold:   31         SH:  0    Dex: 14    Spells: 3/3 levels left

rFire    . . .     SeeInvis .     - Unarmed
rCold    . . .     Faith    .   (no shield)
rNeg     . . .     Spirit   .   (helmet restricted)
rPois    .         Reflect  .   (no amulet)
rElec    .         Harm     .   (no ring)
rCorr    .         Rampage  .   (no ring)
Will     .....                  (no ring)
Stlth    ++++++....             (no ring)
HPRegen  0.10/turn              (no ring)
MPRegen  0.09/turn              (no ring)
                                (no ring)
                                (no ring)

@: wreathed by umbra
A: almost no armour, stealthy swim, amphibious, 8 rings, constrict 8, tentacle
spike 1, iridescent scales 1, camouflage 1, gelatinous body 1
a: Renounce Religion


You were in a sewer.
You worshipped Dithmenos.
Dithmenos was aware of your devotion.
You visited 2 branches of the dungeon, and saw 2 of its levels.
You also visited: Sewer.

You collected 31 gold pieces.

Inventory:

Hand Weapons
 h - a +0 spear
Scrolls
 a - a scroll of fog
 f - a scroll of teleportation {unknown}


   Skills:
 + Level 3.5 Fighting
 + Level 2.7 Dodging
 + Level 7.2 Stealth
 + Level 2.8 Unarmed Combat
 + Level 1.9 Invocations


You had 3 spell levels left.
You didn't know any spells.
Your spell library was empty.

Dungeon Overview and Level Annotations

Branches:
Dungeon (5/15)             Temple (1/1) D:5           Sewer (1/1)

Altars:
Ashenzari
Dithmenos
Gozag
Hepliaklqana
Qazlal
Ru
Trog
Uskayaw
Xom
Zin

Shops:
D:5 [


Innate Abilities, Weirdness & Mutations

You cannot wear most types of armour.
You are very stealthy in the water. (Stealth+)
You are amphibious.
You can wear up to eight rings at the same time.
You can use your tentacles to constrict eight enemies at once.
Your skin changes colour to match your surroundings (Stealth+).
Your rubbery body absorbs attacks. (AC +1, EV +1)
One of your tentacles bears a spike.
You are partially covered in iridescent scales. (AC +2)


Message History

You kill the rat!
Dithmenos accepts your kill.
You are shrouded in an aura of darkness!
Found 3 gold pieces.
Cornered, the sickly merfolk siren turns to fight!
The sickly merfolk siren chants a haunting song.
You resist.
The sickly merfolk siren chants a haunting song.
You resist with almost no effort.
The sickly merfolk siren hits you with a +0 trident!
Ouch! That really hurt!
* * * LOW HITPOINT WARNING * * *
Found 4 potions of flight.
You tentacle-slap the sickly merfolk siren.
Your grab misses the sickly merfolk siren.
You pierce the sickly merfolk siren, but do no damage.
Your squeeze misses the sickly merfolk siren.
The sickly merfolk siren is moderately wounded.
The sickly merfolk siren hits you with a +0 trident!
You die...

#∩∩ ### ########
########## #$$$..!
#≈≈≈≈≈†≈≈≈ ..≈.
###≈≈≈######
####l###≈≈≈#.#
#≈≈≈≈≈≈≈≈≈##.# #
#≈m≈≈≈.......#
#≈≈≈#≈@≈...#######
#l≈≈≈...##
##≈...### ######


You could see a sickly merfolk siren, a leopard gecko (fleeing) and a frilled
lizard (fleeing).

Vanquished Creatures
  An orc priest (D:5)
  An orc wizard (D:5)
  A merfolk siren (Sewer)
  A river rat (Sewer)
  2 leopard geckos (Sewer)
  4 orcs (D:5)
  A ball python (Sewer)
  A frilled lizard (Sewer)
  10 rats (Sewer)
22 creatures vanquished.

Notes
Turn   | Place    | Note
-------+----------+-------------------------------------------
     0 | D:5      | runemasterragnar the Octopode Delver began the quest for
                  | the Orb.
     0 | D:5      | Reached XP level 1. HP: 16/16 MP: 1/1
    16 | D:5      | Found a staircase to the Ecumenical Temple.
    25 | Temple   | Entered the Ecumenical Temple
    34 | Temple   | Became a worshipper of Dithmenos the Shadowed
    44 | D:5      | Noticed a worker ant
    45 | D:5      | Noticed an orc priest
   104 | D:5      | Found Ytong's Armour Boutique.
   115 | D:5      | Found an opulent altar of Gozag.
   116 | D:5      | Noticed an orc priest
   125 | D:5      | Killed an orc priest
   126 | D:5      | Reached skill level 1 in Invocations
   126 | D:5      | Reached XP level 2. HP: 15/21 MP: 2/2
   126 | D:5      | Reached XP level 3. HP: 19/26 MP: 3/3
   148 | D:5      | Reached skill level 7 in Stealth
   148 | D:5      | Reached XP level 4. HP: 25/31 MP: 3/5
   174 | D:5      | Noticed a sky beast
   177 | D:5      | Gained mutation: One of your tentacles bears a spike.
                  | [potion of mutation]
   177 | D:5      | Gained mutation: You are partially covered in iridescent
                  | scales. (AC +2) [potion of mutation]
   186 | D:5      | Found a glowing drain.
   191 | Sewer    | Entered a sewer
   467 | Sewer    | Reached * piety under Dithmenos
   473 | Sewer    | Mangled by a sickly merfolk siren

Illustrated notes

Levels and vault maps discovered:
D:5:      layout_basic, gammafunk_temple_overflow_claw, grunt_gozag_statues,
          minmay_temple_entry_arrows, portal_sewer_entry_d, serial_shops, shop,
          uniq_edmund, uniq_eustachio
Temple:   cyrus_circular_temple
Sewer:    sewer_sea

Skill      XL: |  1  2  3 |
---------------+----------+-----
Invocations    | 1 |  1.9
Stealth        | 7 |  7.2
Fighting       | |  3.5
Dodging        | |  2.7
Unarmed Combat | |  2.8

Action                   |  1- 3 |  4- 6 || total
-------------------------+-------+-------++-------
Melee: Unarmed           |    10 |    29 ||    39
       Tentacles         |     1 |     7 ||     8
       Spear             |       |    10 ||    10
       Constrict         |       |     9 ||     9
       Kick              |       |     9 ||     9
       Punch             |       |     1 ||     1
Evoke: Wand              |     1 |     2 ||     3
  Use: Potion            |     2 |     1 ||     3
       Scroll            |     1 |     1 ||     2
 Stab: Sleeping          |       |     6 ||     6
       Fleeing           |       |     1 ||     1
Armor: Skin              |     6 |     8 ||    14
Dodge: Dodged            |     1 |    33 ||    34

Table legend: (Time is in decaauts)
 A = Elapsed time spent in this place.
 B = Non-inter-level travel time spent in this place.
 C = Inter-level travel time spent in this place.
 D = Time resting spent in this place.
 E = Time spent auto-exploring this place.
 F = Levels seen in this place.
 G = Mean time per level.
                   A        B        C        D        E       F      G
               +--------+--------+--------+--------+--------+-----+--------+
         Total |    456 |    456 |      0 |    181 |     31 |   3 |  152.0 |
       Dungeon |    160 |    160 |      0 |     14 |      0 |   1 |  160.0 |
        Temple |     16 |     16 |      0 |      0 |      0 |   1 |   16.0 |
         Sewer |    279 |    279 |      0 |    167 |     31 |   1 |  279.0 |
               +--------+--------+--------+--------+--------+-----+--------+

Top non-repeatable levels by time:
   Sewer: 279 daAuts
     D:5: 160 daAuts
  Temple: 16 daAuts
